 Dungeon Sprint DCSS version 0.30-a0-722-g3e6e8c874d (webtiles) character file.

Game seed: 10473262917804437153

10813 mhtbhm the Eclecticist (level 11, -4/58 HPs)
             Began as a Deep Elf Earth Elementalist on Jan 28, 2023.
             Was the Champion of Vehumet.
             Killed from afar by a black draconian knight (17 damage)
             ... with a bolt of lightning
             ... in the Dungeon (Sprint V: "Ziggurat Sprint").
             The game lasted 00:08:10 (1107 turns).

mhtbhm the Eclecticist (DEEE)                       Turns: 1107, Time: 00:08:10

Health: -4/58      AC:  8    Str:  7    XL:     11   Next: 41%
Magic:  26/36      EV: 17    Int: 34    God:    Vehumet [******]
Gold:   0          SH:  5    Dex: 15    Spells: 21/48 levels left

rFire   + . .      SeeInvis +    B - +8 lance "Wyrmbane" {slay drac, rPois rF+ rC+ AC+3}
rCold   + . .      Faith    .    (no shield)
rNeg    . . .      Spirit   .    a - +0 robe {Archmagi}
rPois   +          Reflect  +    (no helmet)
rElec   .          Harm     .    (no cloak)
rCorr   .          Rampage  .    (no gloves)
Will    +....      Archmagi +    (no boots)
Stlth   ++++       NoTele   +    D - amulet of reflection
HPRegen 0.29/turn                w - +6 ring of intelligence
MPRegen 0.25/turn                y - ring of Osoaqud {Str+2 Int+3 SInv}

@: no status effects
A: iridescent scales 1, shaggy fur 1
a: Renounce Religion


You were in the Dungeon.
You worshipped Vehumet.
Vehumet was exalted by your worship.
You visited 1 branch

Inventory:

Hand Weapons
 B - the +8 lance "Wyrmbane" (weapon) {slay drac, rPois rF+ rC+ AC+3}
   (You found it in the Dungeon)

   AC:        It affects your AC (+3).
   rF:        It protects you from fire.
   rC:        It protects you from cold.
   rPois:     It protects you from poison.
Armour
 a - a +0 robe of the Archmagi (worn)
Jewellery
 w - a +6 ring of intelligence (left hand)
 y - the ring of Osoaqud (right hand) {Str+2 Int+3 SInv}
   (You found it in the Dungeon)

   [ring of see invisible]

   Str:       It affects your strength (+2).
   Int:       It affects your intelligence (+3).
   SInv:      It lets you see invisible.
 D - an amulet of reflection (around neck)
Wands
 q - a wand of mindburst (7)
 s - a wand of light (6)
Scrolls
 g - 2 scrolls of blinking
 m - 4 scrolls of amnesia
 n - 7 scrolls of fog
 o - 5 scrolls of identify
 p - a scroll of fear
 r - 4 scrolls of enchant armour
 t - a scroll of brand weapon
 x - 4 scrolls of enchant weapon
Potions
 b - 8 potions of magic
 c - 9 potions of curing
 d - 9 potions of heal wounds
 e - 10 potions of haste
 f - 3 potions of berserk rage
 h - 2 potions of brilliance
 i - 2 potions of invisibility
 j - 4 potions of resistance
 k - a potion of experience
 l - 5 potions of might
Miscellaneous
 u - a tin of tremorstones (inert)
 v - a phantom mirror
 z - a condenser vane (inert)
 A - a lightning rod (inert)
 C - a box of beasts


   Skills:
 + Level 2.5 Fighting
 + Level 10.8 Dodging
 + Level 9.9 Stealth
 + Level 19.3 Spellcasting
 + Level 6.5 Conjurations
 + Level 2.7 Transmutations
 + Level 3.6 Fire Magic
 + Level 3.2 Air Magic
 + Level 18.3 Earth Magic
 + Level 2.9 Poison Magic
 + Level 11.5 Evocations


You had 21 spell levels left.
You knew the following spells:

 Your Spells              Type           Power      Damage    Failure   Level
a - Sandblast             Erth           100%       2d20      0%          1
b - Freeze                Ice            100%       1d10      1%          1
c - Stone Arrow           Conj/Erth      100%       3d13      0%          3
d - Petrify               Tmut/Erth      100%       N/A       1%          4
e - Mephitic Cloud        Conj/Pois/Air  75%        N/A       1%          3
f - Sticky Flame          Conj/Fire      79%        2d9       1%          4
g - Ignition              Fire           36%        3d11      96%         8
h - Ignite Poison         Fire/Tmut/Pois 69%        N/A       1%          3

Your spell library contained the following spells:

 Spells                   Type           Power      Damage    Failure   Level
 Ozocubu's Refrigeration  Ice            24%        4d12      88%         7
 Magic Dart               Conj           100%       1d8       1%          1
 Call Imp                 Summ           49%        N/A       1%          2
 Passwall                 Tmut/Erth      85%        N/A       1%          2
 Fulminant Prism          Conj/Hex       35%        3d17      1%          4
 Olgreb's Toxic Radiance  Pois           68%        N/A       1%          4
 Lightning Bolt           Conj/Air       39%        1d57      1%          5
 Call Canine Familiar     Summ           49%        N/A       3%          3
 Portal Projectile        Hex/Tloc       98%        N/A       3%          3
 Summon Guardian Golem    Hex/Summ       49%        N/A       3%          3
 Ice Form                 Ice/Tmut       59%        N/A       6%          4
 Conjure Ball Lightning   Conj/Air       39%        3x3d13    6%          6
 Summon Ice Beast         Ice/Summ       49%        N/A       11%         4
 Summon Hydra             Summ           24%        N/A       100%        7
 Discord                  Hex            24%        N/A       100%        8
 Disjunction              Tloc           24%        N/A       100%        8


Dungeon Overview and Level Annotations

Branches:
Dungeon (1/1)

Altars:
Ashenzari
Cheibriados
Dithmenos
Elyvilon
Fedhas
Gozag
Hepliaklqana
Kikubaaqudgha
Makhleb
Nemelex Xobeh
Okawaru
Qazlal
Ru
Sif Muna
Trog
Uskayaw
Vehumet
Wu Jian
Xom
Yredelemnul
Zin
The Shining One
Jiyva
Lugonu

Annotations:
D 1 transporter


Innate Abilities, Weirdness & Mutations

You are partially covered in iridescent scales. (AC +2)
You are covered in fur. (AC +1)


Message History

The white draconian is heavily wounded.
The thunderbolt hits the yellow draconian!
The yellow draconian is severely wounded.
The thunderbolt hits the black draconian.
The black draconian completely resists.
The black draconian is lightly wounded.
The thunderbolt hits the yellow draconian!
The yellow draconian is heavily wounded.
The thunderbolt hits the yellow draconian annihilator!
The yellow draconian annihilator is heavily wounded.
The lightning rod overheats!
The black draconian knight seems less confused.
The red draconian seems less confused.
The black draconian knight is engulfed in noxious fumes.
The yellow draconian is engulfed in noxious fumes.
The yellow draconian hits the white draconian with a +0 dire flail.
The purple draconian barely misses you.
The red draconian hits you with a +0 trident!!
* * * LOW HITPOINT WARNING * * *
The purple draconian barely misses the purple draconian.
The white draconian is engulfed in noxious fumes.
The white draconian appears confused.
The white draconian closely misses you.
The black draconian is engulfed in noxious fumes.
The yellow draconian annihilator is engulfed in noxious fumes.
The yellow draconian annihilator casts a spell.
The yellow draconian annihilator blinks!
Unknown command.
Unknown command.
Unknown command.
Unknown command.
Unknown command.
Unknown command.
Blink to where?
Press: ? - help, Dir - move target, p - red draconian
Found a transporter.
As you read the scroll of blinking, it crumbles to dust.
The purple draconian seems less confused.
The black draconian knight breathes lightning at you.
The bolt of lightning hits you!
You die...

▓.....†...▓...
▓...))....▓...
▓.........▓...
▓....)))..▓...
▓.........▓...
▓....©....▓...
▓▓▓▓▓▓▓▓▓▓▓▓▓▓▓▓▓▓▓▓▓▓▓▓
..8©8...▓...8©8...▓...8©
▓..!}?[}[@▓..[.))[..▓..||[
▓..:}"=|..▓..}.).[..▓...||
▓...d.....▓.........▓.....
▓...°.°...▓.........▓...).
▓.°dqdd...▓.........▓....)
▓....dd°..▓.........▓.....
▓..○dd○...▓.........▓.▓...
▓.▓..§dq▓.▓.▓.....▓.▓...)©
▓....©....▓....©....▓▓▓▓▓▓


You could see a black draconian knight (fast, very poisoned, catching breath), a
black draconian (catching breath), 2 draconians, 3 draconians, 2 draconians, a
white draconian (confused) and a yellow draconian annihilator.

Vanquished Creatures
  An azure jelly (D)
  2 green draconians (D)
  A wendigo (D)
  A yellow draconian (D)
  An ugly thing (D)
  6 draconians (D)
  2 shining eyes (D)
  A tormentor (D)
  5 merfolk (D)
  3 wind drakes (D)
  A jumping spider (D)
  A hog (shapeshifter) (D)
  2 neqoxecs (D)
  A naga (D)
  2 water moccasins (D)
  2 hell hounds (D)
  8 scorpions (D)
  4 necrophages (D)
  2 mummies (D)
  An adder (D)
  2 adder skeletons (D)
  2 adder simulacra (D)
  A bat skeleton (D)
  A bat zombie (D)
  2 ball python simulacra (D)
  2 ball python zombies (D)
  A giant cockroach simulacrum (D)
  2 giant cockroach zombies (D)
  A jackal simulacrum (D)
  A quokka skeleton (D)
  A quokka zombie (D)
63 creatures vanquished.

Vanquished Creatures (others)
  An adder simulacrum (D)
1 creature vanquished.

Grand Total: 64 creatures vanquished

Notes
Turn   | Place    | Note
-------+----------+-------------------------------------------
     0 | D        | mhtbhm the Deep Elf Earth Elementalist began the quest for
                  | the Orb.
     0 | D        | Reached XP level 1. HP: 10/10 MP: 6/6
     0 | D        | Found a shimmering blue altar of Sif Muna.
     0 | D        | Found a bloodstained altar of Trog.
     0 | D        | Found a sacrificial altar of Ru.
     0 | D        | Found a stormy altar of Qazlal.
     0 | D        | Found an iron altar of Okawaru.
     1 | D        | Found a sparkling altar of Nemelex Xobeh.
     1 | D        | Found a blossoming altar of Fedhas.
     1 | D        | Found the +6 Majin-Bo {spellvamp, MP+6 Int+6}
     1 | D        | Found the +27 heavy crossbow "Sniper" {heavy, Acc+∞ SInv}
     1 | D        | Found the +10 dark maul {heavy}
     1 | D        | Found the +15 Maxwell's patent armour {-Cast -Tele rElec
                  | Will+ rCorr}
     1 | D        | Found the +18 shield of the Gong {Loud rElec rN+ Will+
                  | EV-5}
     1 | D        | Found the +16 obsidian axe {drain, demonic, Mesm Drain Fly
                  | SInv}
     1 | D        | Found the +7 great mace "Firestarter" {flame, inner flame,
                  | rFlCloud rF++}
     1 | D        | Found the +6 shillelagh "Devastator" {shatter}
     1 | D        | Found the +11 plutonium sword {Contam Stlth-}
     1 | D        | Found the +8 lance "Wyrmbane" {slay drac, rPois rF+ rC+
                  | AC+3}
     1 | D        | Found the +9 sword of Zonguldrok {reap}
     1 | D        | Found the +13 scythe of Curses {drain, curses, Drain}
     1 | D        | Found the +9 sword of Power {lifebolt}
     1 | D        | Found the +7 mace of Variability {chaos, chain chaos}
     1 | D        | Found the +11 Singing Sword {sonic wave}
     1 | D        | Found the +8 storm bow {elec, penet}
     3 | D        | Found a transporter.
     3 | D        | Found an ancient bone altar of Kikubaaqudgha.
     3 | D        | Found a viscous altar of Jiyva.
     3 | D        | Found a corrupted altar of Lugonu.
     3 | D        | Found a hazy altar of Hepliaklqana.
     3 | D        | Found a burning altar of Makhleb.
     3 | D        | Found an opulent altar of Gozag.
    33 | D        | Became a worshipper of Vehumet
    57 | D        | Entered arena 2.
    57 | D        | Noticed a hell hound
    57 | D        | Noticed a hell hound
    57 | D        | Found a transporter.
    60 | D        | Killed a hell hound
    60 | D        | Killed a hell hound
    60 | D        | Reached * piety under Vehumet
    60 | D        | Offered knowledge of Freeze by Vehumet.
    61 | D        | Reached skill level 5 in Dodging
    61 | D        | Reached skill level 5 in Stealth
    61 | D        | Reached skill level 7 in Spellcasting
    61 | D        | Reached XP level 2. HP: 15/15 MP: 7/12
    61 | D        | Reached XP level 3. HP: 19/19 MP: 7/13
    61 | D        | Reached XP level 4. HP: 24/24 MP: 8/15
    61 | D        | Reached XP level 5. HP: 28/28 MP: 8/16
    63 | D        | Learned a level 1 spell: Freeze
    67 | D        | Learned a level 3 spell: Stone Arrow
    72 | D        | Learned a level 4 spell: Petrify
    78 | D        | Got the Essays on Combined Envenoming
   116 | D        | Entered arena 3.
   116 | D        | Found a transporter.
   121 | D        | Offered knowledge of Poisonous Vapours by Vehumet.
   122 | D        | Reached skill level 10 in Earth Magic
   206 | D        | Entered arena 4.
   206 | D        | Noticed a jumping spider
   206 | D        | Found a transporter.
   208 | D        | Reached ** piety under Vehumet
   209 | D        | Reached skill level 1 in Evocations
   209 | D        | Reached XP level 6. HP: 32/32 MP: 16/18
   210 | D        | Reached skill level 8 in Spellcasting
   210 | D        | Reached skill level 1 in Conjurations
   210 | D        | Killed a jumping spider
   211 | D        | Reached skill level 9 in Spellcasting
   211 | D        | Reached XP level 7. HP: 18/36 MP: 20/22
   299 | D        | Entered arena 5.
   299 | D        | Found a transporter.
   300 | D        | Offered knowledge of Dazzling Flash by Vehumet.
   300 | D        | Reached *** piety under Vehumet
   303 | D        | Reached skill level 10 in Spellcasting
   321 | D        | Entered arena 6.
   321 | D        | Found a transporter.
   323 | D        | Reached **** piety under Vehumet
   327 | D        | Reached XP level 8. HP: 38/41 MP: 12/24
   335 | D        | Reached skill level 11 in Spellcasting
   445 | D        | Learned a level 3 spell: Mephitic Cloud
   447 | D        | Entered arena 7.
   447 | D        | Noticed a shining eye
   447 | D        | Noticed a cyan ugly thing
   447 | D        | Noticed a shining eye
   449 | D        | Offered knowledge of Fulminant Prism by Vehumet.
   449 | D        | Reached ***** piety under Vehumet
   449 | D        | Gained mutation: You have hidden genetic potential. [a
                  | shining eye]
   450 | D        | Reached skill level 12 in Spellcasting
   451 | D        | Killed a shining eye
   451 | D        | Killed a cyan ugly thing
   452 | D        | Reached skill level 1 in Fighting
   452 | D        | Reached skill level 13 in Spellcasting
   452 | D        | Reached skill level 15 in Earth Magic
   452 | D        | Reached XP level 9. HP: 26/47 MP: 26/28
   453 | D        | Killed a shining eye
   454 | D        | Reached skill level 14 in Spellcasting
   454 | D        | Found a transporter.
   460 | D        | Gained mutation: You are partially covered in iridescent
                  | scales. (AC +2) [hidden potential]
   530 | D        | Entered arena 8.
   534 | D        | Reached ****** piety under Vehumet
   540 | D        | Found a transporter.
   648 | D        | Got the ring of Osoaqud {Str+2 Int+3 SInv}
   664 | D        | Entered arena 9.
   665 | D        | Found a transporter.
   666 | D        | Offered knowledge of Ignite Poison by Vehumet.
   675 | D        | Got the Anthology of Weathered Doom
   720 | D        | Learned a level 4 spell: Sticky Flame
   729 | D        | Learned a level 8 spell: Ignition
   733 | D        | Learned a level 3 spell: Ignite Poison
   736 | D        | Entered arena 10.
   736 | D        | Noticed a merfolk
   736 | D        | Noticed a wind drake
   736 | D        | Noticed a wind drake
   736 | D        | Noticed a merfolk
   736 | D        | Noticed a merfolk
   736 | D        | Noticed a merfolk
   736 | D        | Noticed a wind drake
   736 | D        | Noticed a merfolk
   741 | D        | Killed a wind drake
   741 | D        | Offered knowledge of Eringya's Noxious Bog by Vehumet.
   741 | D        | Killed a wind drake
   745 | D        | Killed a merfolk
   746 | D        | Killed a merfolk
   746 | D        | Killed a merfolk
   746 | D        | Killed a merfolk
   746 | D        | Killed a merfolk
   747 | D        | Reached skill level 15 in Spellcasting
   747 | D        | Reached XP level 10. HP: 21/53 MP: 29/31
   748 | D        | Found a transporter.
   750 | D        | Reached skill level 1 in Air Magic
   873 | D        | Entered arena 11.
   873 | D        | Noticed a draconian
   873 | D        | Noticed a draconian
   873 | D        | Noticed a green draconian
   873 | D        | Noticed a draconian
   873 | D        | Noticed a green draconian
   873 | D        | Noticed a draconian
   873 | D        | Noticed a draconian
   873 | D        | Noticed a draconian
   873 | D        | Noticed a yellow draconian
   881 | D        | Found a transporter.
   882 | D        | Killed a draconian
   882 | D        | Offered knowledge of Ozocubu's Refrigeration by Vehumet.
   883 | D        | Reached skill level 10 in Dodging
   883 | D        | Reached skill level 16 in Spellcasting
   884 | D        | Killed a yellow draconian
   884 | D        | Killed a green draconian
   884 | D        | Killed a draconian
   885 | D        | Reached skill level 17 in Spellcasting
   885 | D        | Reached skill level 5 in Conjurations
   885 | D        | Reached skill level 1 in Poison Magic
   885 | D        | Killed a green draconian
   885 | D        | Killed a draconian
   886 | D        | Reached skill level 18 in Spellcasting
   886 | D        | Reached skill level 10 in Evocations
   886 | D        | Reached XP level 11. HP: 47/58 MP: 22/35
   896 | D        | Gained mutation: You are covered in fur. (AC +1) [hidden
                  | potential]
   896 | D        | Lost mutation: You have hidden genetic potential. [hidden
                  | potential expressed]
   956 | D        | Entered arena 12.
   956 | D        | Noticed an azure jelly
   956 | D        | Noticed a wendigo
   959 | D        | Killed an azure jelly
   961 | D        | Reached skill level 19 in Spellcasting
   965 | D        | Killed a wendigo
  1077 | D        | Found a transporter.
  1084 | D        | Got the Annotations on Hail
  1096 | D        | Entered arena 13.
  1096 | D        | Noticed a yellow draconian
  1096 | D        | Noticed a red draconian
  1096 | D        | Noticed a purple draconian
  1096 | D        | Noticed a red draconian
  1096 | D        | Noticed a yellow draconian
  1097 | D        | Noticed a yellow draconian annihilator
  1097 | D        | Noticed a black draconian knight
  1097 | D        | Noticed a purple draconian
  1097 | D        | Noticed a black draconian
  1097 | D        | Noticed a purple draconian
  1097 | D        | Noticed a white draconian
  1107 | D        | Found a transporter.
  1107 | D        | Killed from afar by a black draconian knight

Illustrated notes

Levels and vault maps discovered:
D:        sprint_v [room_start, room_1, room_2, room_3, room_4, room_5, room_6,
          room_7, room_8, room_9, room_10, room_11, room_12, room_13, room_14,
          room_15, room_16, room_17, room_18, room_19, room_20, room_21,
          room_22, room_23, room_24, room_25, room_26, room_27]

Skill      XL: |  1  2  3  4  5  6  7  8  9 10 11 |
---------------+----------------------------------+-----
Dodging        | 5 6 7 9 10 | 10.8
Stealth        | 5 6 7 8 9 |  9.9
Spellcasting   | 7 9 10 13 15 18 19 | 19.3
Earth Magic    | 9 10 12 13 15 16 17 18 | 18.3
Transmutations | 2 |  2.7
Evocations     | 1 2 3 6 8 10 11 | 11.5
Conjurations   | 1 2 3 4 5 6 |  6.5
Fighting       | 1 2 |  2.5
Air Magic      | 2 3 |  3.2
Fire Magic     | 2 3 |  3.6
Poison Magic   | 2 |  2.9

Action                     |  1- 3 |  4- 6 |  7- 9 | 10-12 || total
---------------------------+-------+-------+-------+-------++-------
  Melee: Lance             |       |       |     2 |       ||     2
   Cast: Stone Arrow       |       |     4 |     5 |     7 ||    16
         Sandblast         |       |       |    17 |     3 ||    20
         Mephitic Cloud    |       |       |     2 |     8 ||    10
         Sticky Flame      |       |       |       |     2 ||     2
  Evoke: Wand              |     2 |     1 |     2 |     3 ||     8
         Lightning rod     |       |     4 |     9 |     4 ||    17
         Tin of tremorston |       |       |     5 |     2 ||     7
         Condenser vane    |       |       |     2 |     4 ||     6
         Phantom mirror    |       |       |       |     1 ||     1
    Use: Scroll            |     1 |       |       |     2 ||     3
         Potion            |       |       |     1 |     1 ||     2
 Armour: Robe              |       |       |     4 |     1 ||     5
  Dodge: Dodged            |       |       |    35 |     7 ||    42
  Block: Other             |       |       |     2 |     1 ||     3

Table legend: (Time is in decaauts)
 A = Elapsed time spent in this place.
 B = Non-inter-level travel time spent in this place.
 C = Inter-level travel time spent in this place.
 D = Time resting spent in this place.
 E = Time spent auto-exploring this place.
 F = Levels seen in this place.
 G = Mean time per level.
                   A        B        C        D        E       F      G
               +--------+--------+--------+--------+--------+-----+--------+
         Total |   1114 |   1114 |      0 |    713 |      0 |   1 | 1114.0 |
       Dungeon |   1114 |   1114 |      0 |    713 |      0 |   1 | 1114.0 |
               +--------+--------+--------+--------+--------+-----+--------+

Top non-repeatable levels by time:
       D: 1114 daAuts
